 Dungeon Sprint DCSS version 0.27-a0-1144-g0b7d3b79db (webtiles) character file.

Game seed: 11089174681598820467

91 Zeld the Gusty (level 4, -1/31 HPs)
             Began as an Octopode Air Elementalist on May 10, 2021.
             Splashed by an oklob sapling priest's acid (15 damage)
             ... in the Dungeon (Sprint IV: "Fedhas' Mad Dash").
             The game lasted 00:01:00 (1790 turns).

Zeld the Gusty (Octopode Air Elementalist)          Turns: 1790, Time: 00:01:01

Health: -1/31      AC:  1    Str:  7    XL:     4   Next: 59%
Magic:  10/10      EV: 14    Int: 18    God:
Gold:   26         SH:  0    Dex: 12    Spells: 4/11 levels left

rFire    . . .     SeeInvis .   (no weapon)
rCold    . . .     Faith    .   (no shield)
rNeg     . . .     Spirit   .   (helmet restricted)
rPois    .         Reflect  .   b - amulet of invisibility {+Inv}
rElec    .         Harm     .   (no ring)
rCorr    .         Rampage  .   (no ring)
Will     .....     NoTele   +   (no ring)
Stlth    +++.......             (no ring)
HPRegen  0.10/turn              (no ring)
MPRegen  0.12/turn              (no ring)
                                (no ring)
                                (no ring)

@: no status effects
A: almost no armour, amphibious, 8 rings, camouflage 1, gelatinous body 1,
(nimble swimmer 1), tentacles
a: Evoke Invisibility


You were in the Dungeon.
You visited 1 branch You collected 26 gold pieces.

Inventory:

Jewellery
 b - the amulet of invisibility (around mantle) {+Inv}
   (You found it in the Dungeon)

   [amulet of nothing]

   It lets you turn invisible.
Scrolls
 g - a scroll of blinking
Potions
 a - a potion of heal wounds
 d - a potion of haste
 e - 2 potions of magic


   Skills:
 + Level 3.5 Fighting
 + Level 4.2 Dodging
 - Level 2.6 Stealth
 + Level 4.0 Spellcasting
 - Level 1.0 Conjurations
 * Level 6.2 Air Magic


You had 4 spell levels left.
You knew the following spells:

 Your Spells              Type           Power      Damage    Failure   Level
a - Shock                 Conj/Air       64%        1d7       3%          1
b - Static Discharge      Conj/Air       16%        N/A       4%          2
c - Airstrike             Air            13%        N/A       11%         4

Your spell library contained the following spells:

 Spells                   Type           Power      Damage    Failure   Level
 Swiftness                Air            26%        N/A       3%          3
 Lightning Bolt           Conj/Air       8%         1d20      67%         5


Dungeon Overview and Level Annotations

Branches:
Dungeon (1/1)

Altars:
Cheibriados
Gozag
Hepliaklqana
Makhleb
Nemelex Xobeh
Ru
Sif Muna
Trog
Wu Jian
Xom
Yredelemnul
Beogh
Jiyva

Annotations:
D exclusion: oklob sapling


Innate Abilities, Weirdness & Mutations

You cannot wear most types of armour.
You are amphibious.
You can wear up to eight rings at the same time.
Your skin changes colour to match your surroundings (Stealth+).
Your rubbery body absorbs attacks. (AC +1, EV +1)
((You are camouflaged near water. (Stealth+)))
You have tentacles for arms and can constrict up to eight enemies at once.


Message History

Your magical contamination has completely faded away.
a - a potion of heal wounds
Things that are here:
12 bolts; a scorpion corpse
b - the amulet of invisibility {+Inv} You start resting.
Magic restored.
You start resting.
HP restored.
You start waiting.
Done waiting.
Sorry, you're not good enough to have a special ability.
Aiming: Shock (safe; 3% risk of failure)
Press: ? - help, Q - select action, (/) - cycle Shift-Dir - straight line, f - you
Okay, then.
Sorry, you're not good enough to have a special ability.
Unknown command.
Sorry, you're not good enough to have a special ability.
Unknown command.
You start putting on your amulet.
You continue putting on the amulet of invisibility {+Inv}. x5
You finish putting on the amulet of invisibility {+Inv}.
b - the amulet of invisibility (around mantle) {+Inv} This spell is quite dangerous to cast!
Memorise Airstrike, consuming 4 spell levels and leaving 4?
You start memorising the spell.
You continue memorising. x4
You finish memorising.
Spell assigned to 'c'.
You fail to use your ability.
You open the door.
Found ten altars.
An oklob sapling priest comes into view.
Marking area around an oklob sapling as unsafe for travelling.
Found three altars.
There is an open door here.
You fail to use your ability.
The oklob sapling priest spits acid at you.
The splash of acid hits you!
Ouch! That really hurt!
You are splashed with acid!
You die...

########################
<..P#.....#.....#.⌠._._.
PP..'.[...'.#(..@.._._._
PPPP#.....#.#...#..._._P
##############+##.._._._
._._._. #######


You could see an oklob sapling priest.

Vanquished Creatures
  A scorpion (D)
  An oklob sapling (D)
  A river rat (D)
  A rat (D)
4 creatures vanquished.

Notes
Turn   | Place    | Note
-------+----------+-------------------------------------------
     0 | D        | Zeld the Octopode Air Elementalist began the quest for the
                  | Orb.
     0 | D        | Reached XP level 1. HP: 11/11 MP: 3/3
   628 | D        | Reached skill level 1 in Fighting
   628 | D        | Reached skill level 4 in Air Magic
   628 | D        | Reached XP level 2. HP: 2/18 MP: 0/5
   631 | D        | Learned a level 2 spell: Static Discharge
   978 | D        | Noticed an oklob sapling
   986 | D        | Killed an oklob sapling
   987 | D        | Reached skill level 5 in Air Magic
   987 | D        | Reached XP level 3. HP: 4/25 MP: 5/7
  1552 | D        | Noticed a scorpion
  1553 | D        | Found the amulet of invisibility {+Inv}
  1559 | D        | HP: 1/25 [scorpion (8)]
  1563 | D        | Killed a scorpion
  1564 | D        | Reached skill level 6 in Air Magic
  1564 | D        | Reached XP level 4. HP: 20/31 MP: 0/10
  1787 | D        | Learned a level 4 spell: Airstrike
  1788 | D        | Found an opulent altar of Gozag.
  1788 | D        | Found a hazy altar of Hepliaklqana.
  1788 | D        | Found a burning altar of Makhleb.
  1788 | D        | Found a sparkling altar of Nemelex Xobeh.
  1788 | D        | Found a snail-covered altar of Cheibriados.
  1788 | D        | Found a sacrificial altar of Ru.
  1788 | D        | Found a shimmering blue altar of Sif Muna.
  1788 | D        | Found a shimmering altar of Xom.
  1788 | D        | Found a basalt altar of Yredelemnul.
  1789 | D        | Found a viscous altar of Jiyva.
  1789 | D        | Found a bloodstained altar of Trog.
  1789 | D        | Found an ornate altar of the Wu Jian Council.
  1789 | D        | Noticed an oklob sapling priest
  1790 | D        | Splashed by an oklob sapling priest's acid

Illustrated notes

Levels and vault maps discovered:
D:        dungeon_sprint_fedhas [sprint_temple]

Skill      XL: |  1  2  3 |
---------------+----------+-----
Fighting       | 1 2 3 |  3.5
Air Magic      | 4 5 6 |  6.2
Dodging        | 3 4 |  4.2
Spellcasting   | 3 4 |  4.0
Stealth        | |  2.6
Conjurations   | |  1.0

Action                   |  1- 3 |  4- 6 || total
-------------------------+-------+-------++-------
Melee: Unarmed           |    13 |       ||    13
       Constrict         |     3 |       ||     3
       Tentacles         |     3 |       ||     3
 Cast: Shock             |    14 |       ||    14
  Use: Potion            |     3 |       ||     3
Dodge: Dodged            |     9 |       ||     9

Table legend: (Time is in decaauts)
 A = Elapsed time spent in this place.
 B = Non-inter-level travel time spent in this place.
 C = Inter-level travel time spent in this place.
 D = Time resting spent in this place.
 E = Time spent auto-exploring this place.
 F = Levels seen in this place.
 G = Mean time per level.
                   A        B        C        D        E       F      G
               +--------+--------+--------+--------+--------+-----+--------+
         Total |   1799 |   1799 |      0 |   1717 |      0 |   1 | 1799.0 |
       Dungeon |   1799 |   1799 |      0 |   1717 |      0 |   1 | 1799.0 |
               +--------+--------+--------+--------+--------+-----+--------+

Top non-repeatable levels by time:
       D: 1799 daAuts
